AoeStats
← LEPS

Arabia

509812816Analyzed
3v3 RM · 3d ago on Sep 28, 2026· 45m 56s· 6 players
Game mode
Random Map
Map size
Normal (6 player)
Population
200
Speed
Normal
Resources
Standard
Victory
Conquest
Starting age
Dark Age
Ending age
Imperial Age
RankedLock teamsTeams togetherTeam positionsShared explorationLock speedFull tech treeHidden civsTurbo modeCheats
Victory
Defeat
🇵🇪 Vietnamese · Peru
1522
+11
🇵🇪 Britons · Peru
1497
+12
🇵🇪 Lithuanians · Peru
1475
+13
🇲🇽 Gurjaras · Mexico
1670
-21
🇲🇽 Ethiopians · Mexico
1319
-9
🇲🇽 Hindustanis · Mexico
1237
-6
MZTK | Puppet
4:55 Loom
9:41 Feudal Age
16:16 Double-Bit Axe
16:26 Horse Collar
19:06 Padded Archer Armor
18:57 Fletching
24:00 Castle Age
24:12 Elite Skirmisher
25:22 Leather Archer Armor
25:25 Thumb Ring
35:12 Bodkin Arrow
37:21 Scale Mail Armor
MZTK |Kiss
6:23 Loom
8:46 Feudal Age
9:31 Double-Bit Axe
10:13 Horse Collar
16:41 Scale Barding Armor
17:40 Forging
24:29 Castle Age
23:40 Bloodlines
24:47 Gold Mining
25:19 Husbandry
24:39 Light Cavalry
27:22 Wheelbarrow
30:48 Chain Barding Armor
31:25 Town Watch
33:18 Iron Casting
35:29 Gold Shaft Mining
40:24 Imperial Age
41:12 Elite Shrivamsha Rider
43:20 Plate Barding Armor
42:56 Heavy Camel Rider
MZTK | Vasmart
5:02 Loom
9:19 Feudal Age
12:44 Fletching
15:10 Gold Mining
16:38 Padded Archer Armor
23:47 Castle Age
22:28 Double-Bit Axe
23:50 Crossbowman
24:28 Bodkin Arrow
24:49 Leather Archer Armor
28:31 Ballistics
33:22 Gold Shaft Mining
40:49 Elite Skirmisher
Solduri
6:13 Loom
9:01 Feudal Age
10:09 Double-Bit Axe
16:21 Fletching
16:43 Horse Collar
22:33 Castle Age
21:16 Gold Mining
22:02 Wheelbarrow
22:47 Padded Archer Armor
23:11 Bodkin Arrow
22:37 Crossbowman
25:50 Ballistics
26:00 Bow Saw
27:37 Town Watch
31:45 Leather Archer Armor
34:03 Imperial Age
33:14 Thumb Ring
33:39 Stone Mining
34:17 Leather Archer Armor
35:13 Bracer
37:23 Arbalester
42:35 Ring Archer Armor
43:27 Hand Cart
LEPS
9:01 Feudal Age
8:58 Loom
12:26 Fletching
24:36 Castle Age
22:56 Double-Bit Axe
24:08 Padded Archer Armor
24:06 Horse Collar
24:41 Crossbowman
25:24 Bodkin Arrow
26:57 Gold Mining
28:03 Ballistics
39:26 Imperial Age
38:29 Leather Archer Armor
41:09 Chemistry
40:23 Bracer
41:56 Arbalester
46:33 Yeomen
47:08 Wheelbarrow
46:18 Town Watch
ElTioWani
6:55 Loom
9:00 Feudal Age
9:46 Double-Bit Axe
9:44 Horse Collar
21:13 Castle Age
20:35 Scale Barding Armor
20:41 Forging
20:50 Bloodlines
21:21 Gold Mining
22:19 Chain Barding Armor
22:22 Bow Saw
25:30 Husbandry
26:59 Heavy Plow
32:29 Iron Casting
34:25 Wheelbarrow
37:16 Stone Mining
42:12 Imperial Age
41:11 Hand Cart
40:41 Town Watch
42:17 Cavalier
43:35 Plate Barding Armor
46:21 Two-Man Saw
45:52 Crop Rotation
Connection lost

Rejoining the realm…

Still unreachable

The connection could not be restored.

Session expired

The server has moved on; the page needs a fresh start.